3L
CHICAGO HAWKS @ CAPITAL DISTRICT RED KNIGHTS
08/01/2020
 
TOP OF THE 1ST
Chicago Hawks batting - Pitching for Capital District Red Knights : RHP Kent Hubbard
Pitching: RHP Kent Hubbard
Batting: RHB Joe Guy 0-0: Called Strike
0-1: SINGLE (Line Drive, 6MD)
Batting: LHB Bill Griffin 0-0: Called Strike
0-1: Swinging Strike
0-2: Ball
1-2: Foul Ball, location: 2F
1-2: Grounds into double play, U4-3 (Groundball, 4M)
Batting: LHB Mal Wadley 0-0: Ball
1-0: Ball
2-0: Ball
3-0: Called Strike
3-1: Called Strike
3-2: DOUBLE (Groundball, 3L)
Batting: LHB Motoshige Kitamura 0-0: Called Strike
0-1: Ball
1-1: Swinging Strike
1-2: Foul Ball, location: 2F
1-2: Foul Ball, location: 2F
1-2: Fly out, F9 (Flyball, 9M)
Top of the 1st over - 0 run(s), 2 hit(s), 0 error(s), 1 left on base; Chicago 0 - Capital District 0
BOTTOM OF THE 1ST
Capital District Red Knights batting - Pitching for Chicago Hawks : RHP Adrián Fierro
Pitching: RHP Adrián Fierro
Batting: RHB Chang-bum Pak 0-0: Foul Ball, location: 2F
0-1: Ball
1-1: Ground out 4-3 (Groundball, 4M)
Batting: RHB Mike Lewis 0-0: Ball
1-0: Called Strike
1-1: Ball
2-1: Foul Ball, location: 2F
2-2: Ground out 5-3 (Groundball, 5S)
Batting: LHB Dave Knight 0-0: Ball
1-0: Called Strike
1-1: Ball
2-1: Foul Ball, location: 2F
2-2: Foul Ball, location: 2F
2-2: Ball
3-2: Strikes out swinging
Bottom of the 1st over - 0 run(s), 0 hit(s), 0 error(s), 0 left on base; Chicago 0 - Capital District 0
TOP OF THE 2ND
Chicago Hawks batting - Pitching for Capital District Red Knights : RHP Kent Hubbard
Batting: RHB Ed Whitaker 0-0: SINGLE (Flyball, 8LS)
Batting: RHB José Ramos 0-0: Called Strike
0-1: Swinging Strike
0-2: Grounds into double play, 5-4-3 (Groundball, 5)
Batting: RHB Mitch Jensen 0-0: Ball
1-0: Ball
2-0: Ball
3-0: Base on Balls
Batting: LHB Jeremiah Spencer 0-0: Called Strike
0-1: Ball
1-1: Fly out, F6 (Popup, 6D)
Top of the 2nd over - 0 run(s), 1 hit(s), 0 error(s), 1 left on base; Chicago 0 - Capital District 0
BOTTOM OF THE 2ND
Capital District Red Knights batting - Pitching for Chicago Hawks : RHP Adrián Fierro
Batting: RHB David Edwards 0-0: SINGLE (Line Drive, 4MD)
Batting: RHB Matt Terry 0-0: Ball
David Edwards is caught stealing 2nd base
1-0: Swinging Strike
1-1: Called Strike
1-2: Foul Ball, location: 2F
1-2: Ball
2-2: Strikes out swinging
Batting: RHB Louis Henderson 0-0: Ball
1-0: Fly out, F3 (Popup, 3)
Bottom of the 2nd over - 0 run(s), 1 hit(s), 0 error(s), 0 left on base; Chicago 0 - Capital District 0
TOP OF THE 3RD
Chicago Hawks batting - Pitching for Capital District Red Knights : RHP Kent Hubbard
Batting: RHB Adrián Fierro 0-0: Ball
1-0: SINGLE (Groundball, 34)
Batting: RHB Joe Guy 0-0: Called Strike
0-1: Foul Ball, location: 2F
0-2: Foul Ball, location: 2F
0-2: Ball
1-2: Grounds into double play, 6-4-3 (Groundball, 6)
Batting: LHB Bill Griffin 0-0: SINGLE (Groundball, 25) (infield hit)
Batting: LHB Mal Wadley 0-0: Foul Ball, location: 2F
0-1: Called Strike
0-2: Ball
1-2: Foul Ball, location: 2F
1-2: Ball
2-2: Foul Ball, location: 2F
2-2: Ball
3-2: SINGLE (Line Drive, 3D)
Bill Griffin to second
Bill Griffin to third
Batting: LHB Motoshige Kitamura 0-0: Swinging Strike
0-1: Foul Ball, location: 2F
0-2: Ball
1-2: Ground out 3-1 (Groundball, 34)
Top of the 3rd over - 0 run(s), 3 hit(s), 0 error(s), 2 left on base; Chicago 0 - Capital District 0
BOTTOM OF THE 3RD
Capital District Red Knights batting - Pitching for Chicago Hawks : RHP Adrián Fierro
Batting: LHB Stan Lewis 0-0: Ball
1-0: Ball
2-0: Ball
3-0: Called Strike
3-1: Base on Balls
Batting: RHB Guillermo Montoya 0-0: Ground out 5-3 (Groundball, 56S)
Stan Lewis to second
Batting: LHB Kent Hubbard 0-0: Ball
Passed Ball!
Stan Lewis to third
1-0: SINGLE (Line Drive, 9LS)
Stan Lewis scores
Batting: RHB Chang-bum Pak 0-0: Ball
1-0: Ball
2-0: Called Strike
2-1: Foul Ball, location: 2F
2-2: Fly out, F8 (Line Drive, 78D)
Batting: RHB Mike Lewis 0-0: Ball
1-0: Swinging Strike
1-1: Ground out 6-3 (Groundball, 6)
Bottom of the 3rd over - 1 run(s), 1 hit(s), 0 error(s), 1 left on base; Chicago 0 - Capital District 1
TOP OF THE 4TH
Chicago Hawks batting - Pitching for Capital District Red Knights : RHP Kent Hubbard
Batting: RHB Ed Whitaker 0-0: Ball
1-0: Ball
2-0: Ball
3-0: Called Strike
3-1: Ground out 5-3 (Groundball, 5)
Batting: RHB José Ramos 0-0: Called Strike
0-1: Foul Ball, location: 2F
0-2: Ball
1-2: Ball
2-2: Ground out 6-3 (Groundball, 6)
Batting: RHB Mitch Jensen 0-0: Called Strike
0-1: SINGLE (Line Drive, 7LM)
Batting: LHB Jeremiah Spencer 0-0: Called Strike
0-1: Ball
1-1: Ball
2-1: Swinging Strike
2-2: Ball
3-2: SINGLE (Line Drive, 5L)
Mitch Jensen to second
Mitch Jensen to third
Batting: RHB Adrián Fierro 0-0: Ball
1-0: Called Strike
1-1: Ground out 5-3 (Groundball, 56)
Top of the 4th over - 0 run(s), 2 hit(s), 0 error(s), 2 left on base; Chicago 0 - Capital District 1
BOTTOM OF THE 4TH
Capital District Red Knights batting - Pitching for Chicago Hawks : RHP Adrián Fierro
Batting: LHB Dave Knight 0-0: Ground out 4-3 (Groundball, 4)
Batting: RHB David Edwards 0-0: Ball
1-0: Ball
2-0: Foul Ball, location: 2F
2-1: Called Strike
2-2: SINGLE (Groundball, 34D) (infield hit)
Batting: RHB Matt Terry 0-0: Ball
1-0: Called Strike
1-1: Ground out 5-3 (Groundball, 56S)
David Edwards to second
Batting: RHB Louis Henderson 0-0: Ball
1-0: Ball
2-0: Ball
3-0: Called Strike
3-1: Foul Ball, location: 2F
3-2: Foul Ball, location: 2F
3-2: Ground out 4-3 (Groundball, 13)
Bottom of the 4th over - 0 run(s), 1 hit(s), 0 error(s), 1 left on base; Chicago 0 - Capital District 1
TOP OF THE 5TH
Chicago Hawks batting - Pitching for Capital District Red Knights : RHP Kent Hubbard
Batting: RHB Joe Guy 0-0: Ball
1-0: Ground out 5-3 (Groundball, 5L)
Batting: LHB Bill Griffin 0-0: Foul Ball, location: 2F
0-1: Ground out 4-3 (Groundball, 4)
Batting: LHB Mal Wadley 0-0: Ball
1-0: Foul Ball, location: 2F
1-1: Foul Ball, location: 2F
1-2: Foul Ball, location: 2F
1-2: Ball
2-2: Fly out, F9 (Flyball, 89D)
Top of the 5th over - 0 run(s), 0 hit(s), 0 error(s), 0 left on base; Chicago 0 - Capital District 1
BOTTOM OF THE 5TH
Capital District Red Knights batting - Pitching for Chicago Hawks : RHP Adrián Fierro
Batting: LHB Stan Lewis 0-0: Called Strike
0-1: Foul Ball, location: 2F
0-2: Ball
1-2: Strikes out swinging
Batting: RHB Guillermo Montoya 0-0: Foul Ball, location: 2F
0-1: Ball
1-1: Foul Ball, location: 2F
1-2: Ball
2-2: Foul Ball, location: 2F
2-2: Strikes out swinging
Pinch Hitting: RHB Zach King 0-0: Ball
1-0: Called Strike
1-1: Ball
2-1: Foul Ball, location: 2F
2-2: Strikes out looking
Bottom of the 5th over - 0 run(s), 0 hit(s), 0 error(s), 0 left on base; Chicago 0 - Capital District 1
TOP OF THE 6TH
Chicago Hawks batting - Pitching for Capital District Red Knights : RHP Kent Hubbard
Pitching: RHP Armando Martínez
Batting: LHB Motoshige Kitamura 0-0: Ball
1-0: Ball
2-0: Called Strike
2-1: Swinging Strike
2-2: Foul Ball, location: 2F
2-2: Strikes out swinging
Batting: RHB Ed Whitaker 0-0: Fly out, F7 (Flyball, 7M)
Batting: RHB José Ramos 0-0: Ball
1-0: Ball
2-0: Ball
3-0: Base on Balls
Batting: RHB Mitch Jensen 0-0: Foul Ball, location: 2F
0-1: Called Strike
0-2: Strikes out swinging
Top of the 6th over - 0 run(s), 0 hit(s), 0 error(s), 1 left on base; Chicago 0 - Capital District 1
BOTTOM OF THE 6TH
Capital District Red Knights batting - Pitching for Chicago Hawks : RHP Adrián Fierro
Batting: RHB Chang-bum Pak 0-0: Called Strike
0-1: Fly out, F7 (Flyball, 7S)
Batting: RHB Mike Lewis 0-0: Fly out, F7 (Flyball, 78M)
Batting: LHB Dave Knight 0-0: Foul Ball, location: 2F
0-1: Swinging Strike
0-2: Foul Ball, location: 2F
0-2: Ball
1-2: Ball
2-2: Foul Ball, location: 2F
2-2: Foul Ball, location: 2F
2-2: Strikes out looking
Bottom of the 6th over - 0 run(s), 0 hit(s), 0 error(s), 0 left on base; Chicago 0 - Capital District 1
TOP OF THE 7TH
Chicago Hawks batting - Pitching for Capital District Red Knights : RHP Armando Martínez
Batting: LHB Jeremiah Spencer 0-0: SINGLE (Line Drive, 4)
Batting: RHB Adrián Fierro 0-0: Bunted foul
0-1: Bunted foul
0-2: Bunted foul, Strikeout!
Pinch Hitting: RHB Bryan Manning 0-0: Ball
1-0: Ball
2-0: Swinging Strike
2-1: Foul Ball, location: 2F
2-2: Ball
3-2: Fly out, F7 (Flyball, 78D)
Batting: LHB Bill Griffin 0-0: Called Strike
0-1: Ball
1-1: Called Strike
1-2: Strikes out looking
Top of the 7th over - 0 run(s), 1 hit(s), 0 error(s), 1 left on base; Chicago 0 - Capital District 1
BOTTOM OF THE 7TH
Capital District Red Knights batting - Pitching for Chicago Hawks : RHP Adrián Fierro
Now at 1B: Bryan Manning
Batting: RHB David Edwards 0-0: Ground out 4-3 (Groundball, 4)
Batting: RHB Matt Terry 0-0: Ball
1-0: Swinging Strike
1-1: Ball
2-1: Swinging Strike
2-2: Ball
3-2: Ground out 6-3 (Groundball, 6)
Batting: RHB Louis Henderson 0-0: Ball
1-0: Ball
2-0: Fly out, F8 (Flyball, 8LD)
Bottom of the 7th over - 0 run(s), 0 hit(s), 0 error(s), 0 left on base; Chicago 0 - Capital District 1
TOP OF THE 8TH
Chicago Hawks batting - Pitching for Capital District Red Knights : RHP Armando Martínez
Pitching: LHP Denver Johnston
Now at 2B: Ted Beck
Batting: LHB Mal Wadley 0-0: Ball
1-0: Called Strike
1-1: Ball
2-1: Called Strike
2-2: Foul Ball, location: 2F
2-2: Strikes out swinging
Batting: LHB Motoshige Kitamura 0-0: Called Strike
0-1: Ball
1-1: Ball
2-1: Fly out, F8 (Flyball, 8LM)
Pitching: RHP Lou Lowry
Batting: RHB Ed Whitaker 0-0: Called Strike
0-1: Swinging Strike
0-2: SINGLE (Groundball, 6MD)
Batting: RHB José Ramos 0-0: Called Strike
0-1: Ball
1-1: Foul Ball, location: 2F
1-2: Strikes out looking
Top of the 8th over - 0 run(s), 1 hit(s), 0 error(s), 1 left on base; Chicago 0 - Capital District 1
BOTTOM OF THE 8TH
Capital District Red Knights batting - Pitching for Chicago Hawks : RHP Adrián Fierro
Batting: LHB Stan Lewis 0-0: Called Strike
0-1: Ball
1-1: Swinging Strike
1-2: Ball
2-2: Ball
3-2: SOLO HOME RUN (Flyball, 7LD), Distance : 321 ft
Batting: RHB Guillermo Montoya 0-0: Ground out 5-3 (Groundball, 5L)
Batting: SHB Ted Beck 0-0: Foul Ball, location: 2F
0-1: Ball
1-1: Ball
2-1: Foul Ball, location: 2F
2-2: Foul Ball, location: 2F
2-2: Fly out, F7 (Flyball, 7D)
Batting: RHB Chang-bum Pak 0-0: Ball
1-0: Foul Ball, location: 2F
1-1: Swinging Strike
1-2: Strikes out looking
Bottom of the 8th over - 1 run(s), 1 hit(s), 0 error(s), 0 left on base; Chicago 0 - Capital District 2
TOP OF THE 9TH
Chicago Hawks batting - Pitching for Capital District Red Knights : RHP Lou Lowry
Pitching: RHP John Dodson
Now in RF: Leonardo López
Batting: RHB Mitch Jensen 0-0: Called Strike
0-1: Ball
1-1: Ball
2-1: Ball
3-1: Called Strike
3-2: Foul Ball, location: 2F
3-2: Base on Balls
Batting: LHB Jeremiah Spencer 0-0: Ball
1-0: Swinging Strike
1-1: Foul Ball, location: 2F
1-2: Foul Ball, location: 2F
1-2: Foul Ball, location: 2F
1-2: Ground out 5-3 (Groundball, 5S)
Mitch Jensen to second
Pinch Hitting: RHB Ben Ross 0-0: Called Strike
0-1: SINGLE (Flyball, 4D)
Mitch Jensen to third
Batting: RHB Bryan Manning 0-0: Ball
1-0: Swinging Strike
1-1: Ball
2-1: Ball
3-1: Base on Balls
Ben Ross to second
Batting: LHB Bill Griffin 0-0: Swinging Strike
0-1: Ball
1-1: SINGLE (Groundball, 4M)
Mitch Jensen scores
Ben Ross to third
Bryan Manning to second
Batting: LHB Mal Wadley 0-0: Ball
1-0: Called Strike
1-1: Ball
2-1: GRAND SLAM HOME RUN (Flyball, 9D), Distance : 359 ft
Pitching: RHP Myron Snow
Batting: LHB Motoshige Kitamura 0-0: Called Strike
0-1: Foul Ball, location: 2F
0-2: Fly out, F8 (Flyball, 8LD)
Batting: RHB Ed Whitaker 0-0: Called Strike
0-1: Swinging Strike
0-2: Ball
1-2: Fly out, F8 (Flyball, 8LM)
Top of the 9th over - 5 run(s), 3 hit(s), 0 error(s), 0 left on base; Chicago 5 - Capital District 2
BOTTOM OF THE 9TH
Capital District Red Knights batting - Pitching for Chicago Hawks : RHP Adrián Fierro
Pitching: RHP Jesús González
Now at 1B: Ji-chol Yang
Batting: LHB Leonardo López 0-0: Ball
1-0: Called Strike
1-1: Ball
2-1: Foul Ball, location: 2F
2-2: Ball
3-2: Foul Ball, location: 2F
3-2: Ground out 3-1 (Groundball, 34)
Batting: LHB Dave Knight 0-0: Ball
1-0: Ground out 4-3 (Groundball, 4M)
Batting: RHB David Edwards 0-0: Called Strike
0-1: Swinging Strike
0-2: Ball
1-2: Strikes out swinging
Bottom of the 9th over - 0 run(s), 0 hit(s), 0 error(s), 0 left on base; Chicago 5 - Capital District 2
This league is powered by Out of the Park Baseball, the baseball management simulation game for PC, Mac and Linux
Friday, October 23rd, 2015 - OOTP Baseball 16.9 Build 39